 Dungeon Crawl Stone Soup version 0.26.0-10-g1f06aea511 (webtiles) character file.

Game seed: 15299402693774315949

37 Dracia the Skirmisher (level 3, 0/29 HPs)
             Began as a Demonspawn Gladiator on Jan 18, 2021.
             Succumbed to an adder's poison
             ... while paralysed
             ... on level 2 of the Dungeon.
             The game lasted 00:02:00 (1167 turns).

Dracia the Skirmisher (Demonspawn Gladiator)        Turns: 1167, Time: 00:02:01

Health: 0/29       AC:  3    Str: 15    XL:     3   Next: 23%
Magic:  3/3        EV:  2    Int:  9    God:
Gold:   67         SH:  0    Dex: 14    Spells: 2/2 levels left

rFire    . . .     SeeInvis .     - Unarmed
rCold    . . .     Faith    .   (no shield)
rNeg     . . .     Spirit   .   b - +0 leather armour
rPois    .         Reflect  .   (helmet restricted)
rElec    .         Harm     .   (no cloak)
rCorr    .         Rampage  .   (no gloves)
Will     .....                  (no boots)
Stlth    +.........             (no amulet)
HPRegen  0.09/turn              (no ring)
MPRegen  0.08/turn              (no ring)

@: paralysed, lethally poisoned (0 -> -11), berserk cooldown, slowed
A: antennae 1
a: no special abilities


You were on level 2 of the Dungeon.
You visited 1 branch of the dungeon, and saw 2 of its levels.

You collected 67 gold pieces.


Innate Abilities, Weirdness & Mutations

You have a pair of small antennae on your head.


   Skills:
 + Level 3.1 Fighting
 - Level 2.6 Short Blades
 - Level 1.7 Throwing
 - Level 2.6 Dodging
 * Level 1.5 Unarmed Combat


You had 2 spell levels left.
You didn't know any spells.
Your spell library was empty.

Inventory:

Missiles
 d - 3 throwing nets (quivered) {=f=f}
Armour
 b - a +0 leather armour (worn)
 c - a +0 helmet
Scrolls
 h - a scroll of teleportation {@r4@r4}

Dungeon Overview and Level Annotations

Branches:
Dungeon (2/15)

Altars:

... #.# ####.##
#.# .....# #.#
#.####..####.#
#............#
.####..#######
#..# #...##
##..####..##..8..#
.........@#.......
.#..#####...8.....
#......K..
#...8.....
###....(.. #..8..#
#...## ..## #.#


You could see a kobold.


Message History

The adder is heavily wounded.
The adder bites you.
* * * LOW HITPOINT WARNING * * *
You are more poisoned.
The adder poisons you!
You closely miss the adder.
The adder is heavily wounded.
* * * LOW HITPOINT WARNING * * *
You feel sick. The adder closely misses you.
You hit the adder.
The adder is heavily wounded.
* * * LOW HITPOINT WARNING * * *
You feel sick. The adder misses you.
You closely miss the adder.
The adder is heavily wounded.
The adder closely misses you.
You punch the adder!
You kill the adder!
* * * LOW HITPOINT WARNING * * *
You feel sick.
A kobold comes into view. It is wielding a +0 dagger.
* * * LOW HITPOINT WARNING * * *
You feel sick.
The kobold shouts!
Unknown command.
You feel a strong urge to attack something.
You are no longer berserk.
You pass out from exhaustion.
You feel yourself slow down.
You die...

Skill      XL: |  1  2 |
---------------+-------+-----
Unarmed Combat | 1 |  1.5
Fighting       | 3 |  3.1
Short Blades   | |  2.6
Throwing       | |  1.7
Dodging        | |  2.6

Action                   || total
-------------------------++-------
Melee: Rapier            ||    21
       Unarmed           ||   138
       Punch             ||     2
  Use: Scroll            ||     5
       Potion            ||     2
Armor: Leather armour    ||    54
Dodge: Dodged            ||   133

Levels and vault maps discovered:
D:1:      dpeg_arrival_shrine, layout_rooms, minmay_heptomino_w4
D:2:      layout_loops_ring, grunt_ministairs_9

Notes
Turn   | Place    | Note
-------+----------+-------------------------------------------
     0 | D:1      | Dracia the Demonspawn Gladiator began the quest for the
                  | Orb.
     0 | D:1      | Reached XP level 1. HP: 16/16 MP: 1/1
    86 | D:1      | You feel monstrous as your demonic heritage exerts itself.
    86 | D:1      | Gained mutation: You have a pair of small antennae on your
                  | head. [demonic ancestry]
    86 | D:1      | Reached XP level 2. HP: 20/23 MP: 2/2
   226 | D:1      | HP: 2/23 [hobgoblin/+0 club (1)]
   604 | D:1      | Reached skill level 1 in Unarmed Combat
   751 | D:1      | Reached skill level 3 in Fighting
  1155 | D:2      | Reached XP level 3. HP: 10/29 MP: 3/3
  1161 | D:2      | HP: 4/43 [poisoned by an adder]
  1167 | D:2      | Succumbed to an adder's poison

Vanquished Creatures
  An adder (D:2)
  A giant cockroach (D:1)
  5 goblins
  A hobgoblin (D:1)
  6 jackals (D:1)
  A kobold (D:1)
  5 bats
  3 frilled lizards (D:1)
  3 rats (D:1)
26 creatures vanquished.

Table legend: (Time is in decaauts)
 A = Elapsed time spent in this place.
 B = Non-inter-level travel time spent in this place.
 C = Inter-level travel time spent in this place.
 D = Time resting spent in this place.
 E = Time spent auto-exploring this place.
 F = Levels seen in this place.
 G = Mean time per level.
                   A        B        C        D        E       F      G
               +--------+--------+--------+--------+--------+-----+--------+
         Total |   1165 |   1144 |     21 |    286 |    626 |   2 |  582.5 |
       Dungeon |   1165 |   1144 |     21 |    286 |    626 |   2 |  582.5 |
               +--------+--------+--------+--------+--------+-----+--------+

Top non-repeatable levels by time:
     D:1: 1077 daAuts
     D:2: 87 daAuts

Table legend:
 A = Non-vault XP
 B = Vault XP
 C = Vault XP percentage of total XP
 D = Non-vault monster count
 E = Vault monster count
 F = Vault count percentage of total count
                 A         B        C        D         E       F
            +---------+---------+-------+---------+---------+-------
      Total |      32 |      22 |  40.7 |      19 |       7 |  26.9
            +---------+---------+-------+---------+---------+-------
        D:1 |      30 |       8 |  21.1 |      18 |       5 |  21.7
        D:2 |       2 |      14 |  87.5 |       1 |       2 |  66.7
            +---------+---------+-------+---------+---------+-------
